 Dungeon Crawl Stone Soup version 0.31-a0-626-g8143ab4f1d (webtiles) character file.

Game seed: 6905075485342467647

82317 bobarctor the Eclecticist (level 15, -4/99 HPs)
             Began as a Demonspawn Necromancer on Aug 25, 2023.
             Was the Champion of Kikubaaqudgha.
             Slain by a cyan ugly thing (8 damage)
             ... while petrified by Jorgrun
             ... on level 14 of the Dungeon.
             The game lasted 02:30:23 (20470 turns).

bobarctor the Eclecticist (Demonspawn Necromancer) Turns: 20470, Time: 02:30:25

Health: -4/99      AC: 21    Str:  6    XL:     15   Next: 29%
Magic:  26/36      EV:  2    Int: 38    God:    Kikubaaqudgha [******]
Gold:   1597       SH:  0    Dex: 24    Spells: 1/48 levels left

rFire   . . .        G - +5 rapier "Kemakk" {venom, rC+ rN+ rCorr Str+2}
rCold   + + .        B - orb {mayhem}
rNeg    + + +        o - +1 robe "Adesyl" {Fly rPois Str-5 Int+5}
rPois   ∞            z - +2 helmet
rElec   .            E - +2 ratskin cloak {*Rats rPois rN+ Str-1 Int-1 Dex+1}
rCorr   +            (gloves unavailable)
SInv    +            H - +2 pair of boots of Kindness {*Slow rCorr Dex+5 SInv}
Will    +....        m - amulet of Vitality {RegenMP++ Regen++}
Stlth   ++++         i - +6 ring of intelligence
HPRegen 1.96/turn    d - ring of Disaster {rC+ Int+2 Dex+6 SInv}
MPRegen 1.05/turn

%: slow self (1%), mayhem
@: death channelling, petrified, sanguine armoured, animating dead, flying
A: claws 3, demonic guardian 1, foul stench 3, robust 1, sanguine armour 2,
hooves 1, clever 1
a: Renounce Religion, Unearth Wretches, Torment, Brand Weapon With Pain, Receive
Forbidden Knowledge


You were on level 14 of the Dungeon.
You worshipped Kikubaaqudgha.
Kikubaaqudgha was exalted by your worship.
You visited 4 branches of the dungeon, and saw 23 of its levels.
You also visited: Bailey and Gauntlet.

You collected 2966 gold pieces.
You spent 1369 gold pieces at shops.

Inventory:

Hand Weapons
 A - the +1 orcbow of the Old World {drain, MP+9}
   (You found it on level 12 of the Dungeon)

   MP+9:      It affects your magic capacity (+9).
 G - the +5 rapier "Kemakk" (weapon) {venom, rC+ rN+ rCorr Str+2}
   (You found it on level 5 of the Dungeon)

   Str+2:     It affects your strength (+2).
   rC+:       It protects you from cold.
   rN+:       It protects you from negative energy.
   rCorr:     It protects you from acid and corrosion.
 R - the +7 morningstar "Cossoppe" {flame, rElec rC+ Int-4}
   (You found it on level 15 of the Dungeon)

   Int-4:     It affects your intelligence (-4).
   rC+:       It protects you from cold.
   rElec:     It insulates you from electricity.
 T - a +2 shortbow of freezing
Missiles
 k - 4 curare-tipped darts
 p - 27 boomerangs
 r - 2 throwing nets
 t - 42 poisoned darts
 J - 6 silver javelins
Armour
 g - an orb of wrath
 o - the +1 robe "Adesyl" (worn) {Fly rPois Str-5 Int+5}
   (You found it on level 4 of the Lair of Beasts)

   Str-5:     It affects your strength (-5).
   Int+5:     It affects your intelligence (+5).
   rPois:     It protects you from poison Fly: It grants you flight.
 u - a +1 pair of gloves
 z - a +2 helmet (worn)
 B - an orb of mayhem (worn)
 E - the +2 ratskin cloak (worn) {*Rats rPois rN+ Str-1 Int-1 Dex+1}
   (You found it on level 5 of the Dungeon)

   *Rats:     When the wearer is hurt, rats may emerge from it to assist them.
   Str-1:     It affects your strength (-1).
   Int-1:     It affects your intelligence (-1).
   Dex+1:     It affects your dexterity (+1).
   rPois:     It protects you from poison rN+: It protects you from negative
   energy.
 H - the +2 pair of boots of Kindness (worn) {*Slow rCorr Dex+5 SInv}
   (You found it in a Gauntlet)

   Dex+5:     It affects your dexterity (+5).
   SInv:      It lets you see invisible.
   rCorr:     It protects you from acid and corrosion.
   *Slow:     It may slow you when you take damage.
 Q - a +0 troll leather armour
 U - a +1 robe of resistance
Jewellery
 d - the ring of Disaster (right claw) {rC+ Int+2 Dex+6 SInv}
   (You bought it in a shop on level 8 of the Dungeon)

   [ring of dexterity]

   Int+2:     It affects your intelligence (+2).
   Dex+6:     It affects your dexterity (+6).
   rC+:       It protects you from cold.
   SInv:      It lets you see invisible.
 i - a +6 ring of intelligence (left claw)
 m - the amulet of Vitality (around neck) {RegenMP++ Regen++}
   (You found it in a Gauntlet)

   [amulet of magic regeneration]

   RegenMP:   It increases your rate of magic regeneration.
   Regen++:   It increases your rate of health regeneration.
 x - a ring of flight
 K - a +6 ring of strength
 N - a ring of protection from cold
Wands
 F - a wand of digging (3)
 I - a wand of mindburst (8)
 L - a wand of roots (22)
 O - a wand of charming (32)
 V - a wand of polymorph (2)
 W - a wand of light (29)
Scrolls
 e - 5 scrolls of fog
 h - 2 scrolls of blinking
 j - 3 scrolls of poison
 q - 8 scrolls of teleportation
 v - a scroll of enchant armour
 y - a scroll of amnesia
 P - 12 scrolls of identify
 X - a scroll of revelation
Potions
 a - 3 potions of ambrosia
 b - 2 potions of magic
 c - 4 potions of berserk rage
 f - 3 potions of cancellation
 l - a potion of might
 n - 14 potions of curing
 s - 5 potions of enlightenment
 w - a potion of lignification
 C - a potion of brilliance
 D - 3 potions of haste
 M - 5 potions of heal wounds


   Skills:
 + Level 8.5 Dodging
 + Level 7.1 Stealth
 * Level 17.1 Spellcasting
 + Level 0.8 Conjurations
 + Level 5.3 Hexes
 + Level 14.1 Necromancy
 + Level 1.2 Transmutations
 + Level 9.9 Earth Magic


You had one spell level left.
You knew the following spells:

 Your Spells              Type           Power      Damage    Failure   Level
a - Necrotise             Necr           100%       1d9       0%          1
b - Vampiric Draining     Necr           96%        2d12      0%          3
c - Sandblast             Erth           100%       2d20      0%          1
d - Animate Dead          Necr           96%        N/A       1%          4
e - Wereblood             Tmut           41%        N/A       1%          2
f - Dispel Undead         Necr           96%        3d30      1%          4
g - Anguish               Hex/Necr       41%        N/A       1%          4
h - Agony                 Necr           96%        N/A       1%          5
i - Stone Arrow           Conj/Erth      100%       3d13      1%          3
j - Death Channel         Necr           48%        N/A       1%          6
k - Swiftness             Air            32%        N/A       3%          3
l - Simulacrum            Ice/Necr       36%        N/A       9%          6
m - Freezing Cloud        Conj/Ice/Air   17%        6-21      24%         5

Your spell library contained the following spells:

 Spells                   Type           Power      Damage    Failure   Level
 Sublimation of Blood     Necr           96%        N/A       0%          2
 Cigotuvi's Dreadful Rot  Necr/Pois/Air  100%       N/A       1%          2
 Ensorcelled Hibernation  Hex/Ice        100%       N/A       1%          2
 Passwall                 Tmut/Erth      55%        N/A       1%          2
 Poisonous Vapours        Pois/Air       64%        N/A       1%          2
 Scorch                   Fire           64%        2d7       1%          2
 Dazzling Flash           Conj/Hex       100%       N/A       1%          3
 Mephitic Cloud           Conj/Pois/Air  34%        N/A       2%          3
 Volatile Blastmotes      Fire/Tloc      64%        2d15      3%          3
 Flame Wave               Conj/Fire      35%        2d10      9%          4
 Irradiate                Conj/Tmut      20%        3d18      17%         5
 Starburst                Conj/Fire      17%        6d6       77%         6
 Summon Cactus Giant      Summ           16%        N/A       83%         6
 Summon Hydra             Summ           16%        N/A       100%        7
 Maxwell's Capacitive Co  Air            16%        ∞         100%        8


Dungeon Overview and Level Annotations

Branches:
Dungeon (15/15)            Temple (1/1) D:4            Lair (5/5) D:10
  Swamp (0/4) Lair:2       Spider (0/4) Lair:3        Slime (0/5) Lair:4
    Orc (2/2) D:11            Elf (0/3) Orc:2        Bailey (visited)
Gauntlet (visited)
 Vaults: D:13-14     Depths: D:15

Altars:
Ashenzari
Cheibriados
Dithmenos
Fedhas
Gozag
Hepliaklqana
Kikubaaqudgha
Makhleb
Nemelex Xobeh
Okawaru
Qazlal
Ru
Sif Muna
Trog
Uskayaw
Vehumet
Wu Jian
Xom
Yredelemnul

Shops:
D:4 **   D:8 =   Orc:2 [*?*!


Innate Abilities, Weirdness & Mutations

You have claws for hands.
A weak demonic guardian rushes to your aid.
You frequently emit foul miasma when damaged in melee.
You are robust. (+10% HP)
When seriously injured, your blood forms thick armour. (AC +9)
You have large cloven feet.
Your mind is acute. (Int +4, Str/Dex -1)


Message History

The cyan ugly thing basks in the mutagenic energy from its kin and changes!
Jorgrun hits the green ugly thing but does no damage.
Your hellwing hits the cyan ugly thing.
Your hellwing closely misses the cyan ugly thing.
The green ugly thing engulfs something!!
The cyan ugly thing is engulfed in dark miasma.
The cyan ugly thing looks even sicker.
The cyan ugly thing tail-slaps you but does no damage.
The yak gores Jorgrun but does no damage.
The boulder beetle bites the green ugly thing but does no damage.
Jorgrun hits the yak!
The green ugly thing engulfs something!!
Jorgrun barely misses the green ugly thing.
The cyan ugly thing is engulfed in dark miasma.
The cyan ugly thing looks even sicker.
The cyan ugly thing tail-slaps you.
* * * LOW HITPOINT WARNING * * *
The cyan ugly thing shocks you!
* * * LOW HITPOINT WARNING * * *
Your hellwing barely misses the cyan ugly thing.
Your hellwing hits the cyan ugly thing!
The green ugly thing engulfs the boulder beetle!!
The yak gores Jorgrun!
The yak is wracked by anguish!
The yak dies!
Kikubaaqudgha accepts your kill.
A glowing mist starts to gather...
The boulder beetle bites the green ugly thing!!
The boulder beetle is wracked by anguish!!
Your ugly thing zombie hits the green ugly thing!
Your hellwing hits the cyan ugly thing! x2
The green ugly thing engulfs the green ugly thing!
The green ugly thing dies!
A glowing mist starts to gather...
The green ugly thing is wracked by anguish.
The cyan ugly thing is engulfed in dark miasma.
The cyan ugly thing looks as sick as possible!
The cyan ugly thing tail-slaps you!
* * * LOW HITPOINT WARNING * * *
The cyan ugly thing shocks you!
You die...
Kikubaaqudgha rasps: "You have failed me!
Welcome... oblivion!"

,,*,,,,,,,,#......#,,...#
+********+*#..Bu..#,...,*
,,,*,,,*,,,##.#Z####.####
,,,+,,,+,,,#............#
,,,*,,,*,,,#.Z..........#
,,,*,,,*,,,#...Z........#
********,,####'#Z#######.#
,,,*,,,,,.#...ZZu#......#
,,,*,,,,..#...Zu@4......#
,,,*,,,,..#......#......#
,,,*,,,,..#......#......#
*+*****+########.##.....#
,,,*,,,,......#.........#
,,,*,,,,......#.........#
,,,*,,,,......+......?..#
,,,*,,,,......#>........#
,,,*,,,,......#.........#


You could see a boulder beetle (drained, anguished), 3 ugly things, a friendly
hellwing (summoned), a friendly spectral yak (wandering), 3 friendly spectral
ugly things, the friendly Jorgrun the spectral dwarf, a friendly ugly thing
zombie and the friendly Jorgrun the dwarf zombie.

Vanquished Creatures
  Jorgrun (D:14)
  A ghost crab (Gauntlet)
  A boulder beetle (Lair:4)
  9 two-headed ogres
  A hydra (Lair:2)
  3 ogre magi (Orc:2)
  2 death yaks (Lair:4)
  A skyshark (Lair:5)
  Amaemon (D:8)
  Nergalle (Lair:3)
  2 orc knights (Bailey)
  An ugly thing (D:10)
  A cyclops (D:12)
  A manticore (D:15)
  8 elephants
  Joseph (D:7)
  A black mamba (Lair:5)
  6 cane toads
  A gargoyle (D:10)
  4 komodo dragons
  Psyche (D:8)
  2 rime drakes
  6 hornets
  4 trolls
  2 polar bears
  A tyrant leech (D:12)
  A blink frog (Lair:1)
  2 dream sheep (Lair:5)
  A shadow (D:11)
  9 spriggans (Lair:5)
  Sigmund (D:5)
  2 wraiths
  4 wyverns
  26 yaks
  A vampire (D:11)
  Grum (D:8)
  A basilisk (Lair:5)
  2 steam dragons
  7 wargs (D:10)
  3 acid dragons
  2 swamp worms (D:12)
  12 water moccasins
  2 hell hounds (D:10)
  9 orc warriors
  A sky beast (D:7)
  2 ice beasts
  2 black bears
  5 ogres
  2 boggarts (Lair:5)
  11 centaurs
  17 wolves
  3 phantoms (D:5)
  3 kobold brigands (D:10)
  8 bullfrogs
  2 gnoll sergeants (D:10)
  2 scorpions (D:6)
  4 wights (D:6)
  4 killer bees (D:9)
  3 howler monkeys
  A hound (D:6)
  5 orc priests
  7 jellies
  5 gnoll boudas (D:10)
  2 iguanas
  13 orc wizards
  Natasha (thrice) (D:4)
  Terence (D:3)
  4 hell rats (D:5)
  Robin (D:3)
  9 gnolls
  8 adders
  19 river rats (D:5)
  2 white imps
  3 worms
  3 dart slugs
  26 orcs
  4 bats
  10 endoplasms
  A giant cockroach (D:1)
  16 goblins
  7 hobgoblins
  3 jackals (D:2)
  5 quokkas
  3 ball pythons
  A frilled lizard (D:1)
  12 kobolds
  3 rats
395 creatures vanquished.

Vanquished Creatures (collateral kills)
  The ghost of sunglassesatnite the Basher, a journeyman MiBe of Trog (D:10)
  2 hydras
  An ogre mage (Orc:2)
  9 two-headed ogres
  8 death yaks (Lair:4)
  An orc knight (Orc:1)
  An orange crystal statue (Gauntlet)
  An ugly thing (D:14)
  3 cyclopes
  An orc sorcerer (D:10)
  A manticore (D:12)
  3 elephants
  3 cane toads
  2 rime drakes
  An orange demon (D:8)
  2 kobold demonologists (D:10)
  A troll (D:10)
  2 polar bears (Lair:5)
  3 hornets (Lair:5)
  2 dream sheep (Lair:5)
  3 spriggans (Lair:5)
  17 yaks
  4 wargs (D:10)
  An orc warrior (D:10)
  A water moccasin (Lair:2)
  3 black bears (Lair:5)
  A hornet zombie (Gauntlet)
  A boggart (Lair:5)
  19 ogres
  7 wolves (Lair:5)
  5 centaurs
  3 kobold brigands
  2 bullfrogs
  A gnoll sergeant (D:10)
  A wight (D:6)
  A killer bee (D:9)
  3 howler monkeys (D:10)
  2 centaur zombies
  2 gnoll boudas (D:10)
  2 orc priests
  A jelly (Lair:4)
  4 orc wizards
  An orc zombie (D:10)
  A dart slug (D:1)
  13 orcs
  4 goblins (D:10)
  2 kobolds (D:8)
153 creatures vanquished.

Vanquished Creatures (others)
  A minotaur (Gauntlet)
  A hydra (Lair:5)
  7 two-headed ogres
  A death yak (Lair:4)
  An orb spider (Lair:3)
  3 ugly things
  A cyclops (D:12)
  A black mamba (Lair:4)
  2 elephants (Lair:5)
  A kobold demonologist (D:10)
  3 cane toads
  3 komodo dragons
  2 trolls
  A hornet (Lair:5)
  2 blink frogs (Lair:1)
  2 dream sheep (Lair:5)
  5 yaks
  2 spriggans (Lair:5)
  A warg (Orc:1)
  4 two-headed ogre zombies
  A water moccasin (Lair:5)
  A hornet zombie (Gauntlet)
  2 ogres (Orc:2)
  3 orc warriors (Orc:1)
  3 wolves
  2 centaurs
  A water moccasin zombie (Lair:5)
  A human zombie (D:8)
  2 warg zombies (D:10)
  A polar bear zombie (Lair:5)
  8 yak zombies
  A spriggan zombie (Lair:5)
  2 centaur zombies (D:11)
  2 bullfrog zombies (Lair:1)
  An orc priest (Orc:1)
  A boggart zombie (Lair:5)
  An orc wizard (Orc:1)
  5 killer bee zombies (D:9)
  2 ogre zombies (Orc:2)
  An acid dragon zombie (D:11)
  3 orcs
  5 goblin zombies
  3 hobgoblin zombies (D:3)
  A kobold (Bailey)
  4 kobold zombies (Bailey)
  17 orc zombies
118 creatures vanquished.

Grand Total: 666 creatures vanquished

Notes
Turn   | Place    | Note
-------+----------+-------------------------------------------
     0 | D:1      | bobarctor the Demonspawn Necromancer began the quest for
                  | the Orb.
     0 | D:1      | Reached XP level 1. HP: 13/13 MP: 3/3
    89 | D:1      | Gained mutation: You may rarely emit foul miasma when
                  | damaged in melee. [demonic ancestry]
    89 | D:1      | Reached XP level 2. HP: 18/19 MP: 0/5
   549 | D:1      | Reached skill level 5 in Necromancy
   549 | D:1      | Gained mutation: When seriously injured, your blood forms
                  | armour. (AC +9) [demonic ancestry]
   549 | D:1      | Reached XP level 3. HP: 13/24 MP: 0/6
   690 | D:1      | Learned a level 3 spell: Vampiric Draining
   921 | D:1      | Learned a level 1 spell: Sandblast
  1215 | D:2      | Reached skill level 3 in Spellcasting
  1392 | D:2      | Gained mutation: You sometimes emit foul miasma when
                  | damaged in melee. [demonic ancestry]
  1392 | D:2      | Reached XP level 4. HP: 30/30 MP: 4/8
  1817 | D:2      | Found a faded altar of an unknown god.
  1997 | D:3      | Found an ancient bone altar of Kikubaaqudgha.
  2006 | D:3      | Became a worshipper of Kikubaaqudgha
  2340 | D:3      | Learned a level 4 spell: Animate Dead
  2356 | D:3      | Identified the +9 dagger "Jilics" {heavy, Str+3}
  2389 | D:3      | Noticed Robin
  2421 | D:3      | Gained mutation: You frequently emit foul miasma when
                  | damaged in melee. [demonic ancestry]
  2421 | D:3      | Reached XP level 5. HP: 31/34 MP: 3/10
  2424 | D:3      | Reached * piety under Kikubaaqudgha
  2424 | D:3      | Received a gift from Kikubaaqudgha
  2434 | D:3      | Reached skill level 4 in Spellcasting
  2436 | D:3      | Killed Robin
  2557 | D:3      | Noticed Terence
  2563 | D:3      | Killed Terence
  2948 | D:4      | Found Xaoc's Gadget Gallery.
  3047 | D:4      | Learned a level 2 spell: Wereblood
  3172 | D:4      | Found a staircase to the Ecumenical Temple.
  3175 | D:4      | Noticed Natasha
  3184 | D:4      | Killed Natasha
  3185 | D:4      | Reached XP level 6. HP: 31/41 MP: 12/12
  3203 | Temple   | Entered the Ecumenical Temple
  3217 | D:4      | Found Fautren's General Store.
  3233 | D:4      | Bought a scroll of identify for 22 gold pieces
  3233 | D:4      | Bought 2 poisoned darts for 13 gold pieces
  3233 | D:4      | Bought 2 potions of berserk rage for 110 gold pieces
  3233 | D:4      | Bought a potion of attraction for 33 gold pieces
  3401 | D:4      | Noticed Natasha
  3406 | D:4      | Killed Natasha
  3459 | D:5      | Entered Level 5 of the Dungeon
  3551 | D:5      | Reached skill level 1 in Earth Magic
  3571 | D:5      | Reached skill level 5 in Spellcasting
  3634 | D:5      | Found a bloodstained altar of Trog.
  3683 | D:5      | Noticed a water moccasin
  3691 | D:5      | Killed a water moccasin
  3692 | D:5      | Reached XP level 7. HP: 32/46 MP: 5/15
  3900 | D:5      | Noticed Sigmund
  3908 | D:5      | Killed Sigmund
  3909 | D:5      | Reached skill level 6 in Spellcasting
  3963 | D:5      | Reached ** piety under Kikubaaqudgha
  4023 | D:5      | Gained mutation: When seriously injured, your blood forms
                  | thick armour. (AC +9) [demonic ancestry]
  4023 | D:5      | Reached XP level 8. HP: 52/52 MP: 17/17
  4153 | D:5      | Found the +2 ratskin cloak {*Rats rPois rN+ Str-1 Int-1
                  | Dex+1}
  4527 | D:5      | Identified the +5 rapier "Kemakk" {venom, rC+ rN+ rCorr
                  | Str+2}
  4960 | D:6      | Reached skill level 7 in Spellcasting
  5246 | D:6      | Identified the +7 chain mail of Jimmute {Str+2}
  5334 | D:6      | Reached *** piety under Kikubaaqudgha
  5334 | D:6      | Received a gift from Kikubaaqudgha
  5340 | D:6      | Learned a level 4 spell: Dispel Undead
  5345 | D:6      | Learned a level 4 spell: Anguish
  5365 | D:6      | Gained mutation: You have sharp fingernails. [demonic
                  | ancestry]
  5365 | D:6      | Reached XP level 9. HP: 57/57 MP: 20/20
  6458 | D:7      | Noticed Joseph
  6474 | D:7      | Killed Joseph
  6475 | D:7      | Reached skill level 8 in Spellcasting
  6551 | D:7      | Reached skill level 5 in Stealth
  6739 | D:7      | Reached skill level 5 in Dodging
  6745 | D:7      | Learned a level 5 spell: Agony
  7192 | D:4      | Bought a potion of haste for 110 gold pieces
  7247 | D:8      | Noticed a two-headed ogre
  7253 | D:8      | Killed a two-headed ogre
  7254 | D:8      | Reached XP level 10. HP: 41/63 MP: 4/22
  7401 | D:8      | Noticed Psyche
  7404 | D:8      | Noticed a two-headed ogre
  7417 | D:8      | Killed a two-headed ogre
  7418 | D:8      | Reached skill level 9 in Spellcasting
  7420 | D:8      | Killed Psyche
  7466 | D:8      | Found a blossoming altar of Fedhas.
  7676 | D:8      | Reached **** piety under Kikubaaqudgha
  7688 | D:8      | Reached skill level 5 in Earth Magic
  7724 | D:8      | Noticed Amaemon
  7959 | D:8      | Noticed an orange demon
  7973 | D:8      | Killed Amaemon
  7974 | D:8      | Reached skill level 1 in Hexes
  7977 | D:8      | Killed an orange demon
  8030 | D:8      | Noticed Grum
  8035 | D:8      | Reached skill level 1 in Transmutations
  8042 | D:8      | Reached skill level 10 in Spellcasting
  8046 | D:8      | Killed Grum
  8058 | D:8      | Your ally Psyche died
  8235 | D:8      | Found Niba's One-of-a-Kind Rings.
  8620 | D:9      | Noticed a two-headed ogre
  8622 | D:9      | Gained mutation: A weak demonic guardian rushes to your
                  | aid. [demonic ancestry]
  8622 | D:9      | Reached XP level 11. HP: 68/68 MP: 21/25
  8629 | D:9      | Killed a two-headed ogre
  8698 | D:9      | Identified the +4 ring mail of Qisay {-Tele Str+4}
  9028 | D:10     | Entered Level 10 of the Dungeon
  9045 | D:10     | Identified a scroll of acquirement
  9045 | D:10     | Acquired 651 gold pieces
  9068 | D:10     | Noticed a two-headed ogre
  9073 | D:10     | Found a staircase to the Lair.
  9088 | D:10     | Noticed sunglassesatnite's ghost (journeyman MiBe)
  9089 | D:10     | Killed a two-headed ogre
  9092 | D:10     | Noticed a two-headed ogre
  9100 | D:10     | Reached skill level 11 in Spellcasting
  9108 | D:10     | Reached ***** piety under Kikubaaqudgha
  9119 | D:10     | Noticed a cyan ugly thing
  9124 | D:10     | Found a runed translucent gate.
  9133 | D:10     | Found a flagged portal.
  9163 | Bailey   | Entered a bailey
  9279 | Bailey   | Identified the +12 spear of Adverse Possession {freeze, rC+
                  | Int+3}
  9280 | Bailey   | Noticed an orc knight
  9282 | Bailey   | Identified the +5 dagger "Bott" {flame, Contam Str+3 Dex+4}
  9282 | Bailey   | Noticed an orc knight
  9298 | Bailey   | Killed an orc knight
  9321 | Bailey   | Killed an orc knight
  9664 | D:10     | Learned a level 3 spell: Stone Arrow
  9716 | D:10     | Noticed a two-headed ogre
  9760 | D:10     | Found a runed translucent gate.
  9761 | D:10     | Found a runed translucent gate.
  9770 | D:10     | Killed a two-headed ogre
  9879 | D:10     | Noticed a two-headed ogre
  9884 | D:10     | Killed a two-headed ogre
  9914 | D:10     | Noticed an orc sorcerer
  9925 | D:10     | Noticed a sixfirhy
  9925 | D:10     | Killed an orc sorcerer
  9926 | D:10     | Reached skill level 12 in Spellcasting
  9934 | D:10     | Reached skill level 10 in Necromancy
  9988 | D:10     | Gained mutation: You are robust. (+10% HP) [demonic
                  | ancestry]
  9988 | D:10     | Reached XP level 12. HP: 54/81 MP: 12/28
 10087 | D:10     | Noticed a two-headed ogre
 10096 | D:10     | Killed a two-headed ogre
 10140 | D:10     | Killed a two-headed ogre
 10262 | D:10     | Noticed a two-headed ogre
 10269 | D:10     | Killed a two-headed ogre
 10664 | D:10     | Learned a level 6 spell: Death Channel
 11013 | Lair:1   | Entered Level 1 of the Lair of Beasts
 11225 | D:4      | Noticed Natasha
 11230 | D:4      | Killed Natasha
 11357 | D:8      | Bought the ring of Disaster {rC+ Int+2 Dex+6 SInv} for 876
                  | gold pieces
 11811 | Lair:1   | Reached ****** piety under Kikubaaqudgha
 11817 | Lair:1   | Reached skill level 13 in Spellcasting
 12106 | Lair:1   | Found a stormy altar of Qazlal.
 12668 | Lair:2   | Identified the +1 ring mail of Limn {Rampage rF+}
 12881 | Lair:2   | Noticed a six-headed hydra
 12888 | Lair:2   | Killed a six-headed hydra
 13222 | Lair:2   | Found a staircase to the Swamp.
 13342 | Lair:2   | Noticed a six-headed hydra
 13349 | Lair:2   | Killed a six-headed hydra
 13708 | Lair:3   | Noticed Nergalle
 13781 | Lair:3   | Found a gate leading to a gauntlet.
 13800 | Gauntlet | Entered a Gauntlet
 13800 | Gauntlet | Found a transporter.
 13800 | Gauntlet | Found a transporter.
 13803 | Gauntlet | Found a transporter.
 13804 | Gauntlet | Found a transporter.
 13814 | Gauntlet | Found a transporter.
 13818 | Gauntlet | Found a transporter.
 13820 | Gauntlet | Found a large runed translucent door.
 13821 | Gauntlet | Found a large runed translucent door.
 13822 | Gauntlet | Found a large runed translucent door.
 13822 | Gauntlet | Found a large runed translucent door.
 13822 | Gauntlet | Found a runed translucent door.
 13822 | Gauntlet | Found a runed translucent door.
 13823 | Gauntlet | Found a large runed translucent door.
 13823 | Gauntlet | Found a large runed translucent door.
 13823 | Gauntlet | Found a large runed translucent door.
 13823 | Gauntlet | Found a large runed translucent door.
 13823 | Gauntlet | Found the amulet of Vitality {RegenMP++ Regen++}
 13824 | Gauntlet | Found a large runed translucent door.
 13824 | Gauntlet | Found a large runed translucent door.
 13825 | Gauntlet | Found a large runed translucent door.
 13825 | Gauntlet | Found a large runed translucent door.
 13826 | Gauntlet | Found a runed translucent gate.
 13826 | Gauntlet | Found a runed translucent gate.
 13826 | Gauntlet | Found a runed translucent gate.
 13828 | Gauntlet | Found a transporter.
 13830 | Gauntlet | Noticed a cacodemon
 13834 | Gauntlet | Noticed a ghost crab
 13839 | Gauntlet | Found a large runed translucent door.
 13840 | Gauntlet | Found a large runed translucent door.
 13850 | Gauntlet | Found a large runed translucent door.
 13850 | Gauntlet | Found a large runed translucent door.
 13900 | Gauntlet | Paralysed by a hornet for 3 turns
 13912 | Gauntlet | Gained mutation: You have very sharp fingernails. [demonic
                  | ancestry]
 13912 | Gauntlet | Reached XP level 13. HP: 61/86 MP: 10/30
 14079 | Gauntlet | Identified the staff "Taff" {rF+ rC+ MP+9 Fire}
 14118 | Gauntlet | Identified the +2 pair of boots of Kindness {*Slow rCorr
                  | Dex+5 SInv}
 14157 | Gauntlet | Found a transporter.
 14176 | Gauntlet | Noticed a minotaur
 14181 | Gauntlet | Killed a minotaur
 14359 | Lair:3   | Killed Nergalle
 14379 | Lair:3   | Reached skill level 14 in Spellcasting
 14690 | Lair:3   | Identified the +2 robe of Hopscotch {Rampage +Inv Dex-2
                  | Archmagi}
 14738 | Lair:3   | Found a hole to the Spider Nest.
 15171 | Lair:1   | Gained mutation: You have large cloven feet. [potion of
                  | mutation]
 15171 | Lair:1   | Gained mutation: Your mind is acute. (Int +4, Str/Dex -1)
                  | [potion of mutation]
 15176 | Lair:1   | Learned a level 3 spell: Swiftness
 15397 | Lair:4   | Identified the +13 chain mail of Leapfrog {rElec rN+ rCorr
                  | Int-5}
 15495 | Lair:4   | Identified the +1 robe "Adesyl" {Fly rPois Str-5 Int+5}
 15662 | Lair:4   | Reached skill level 15 in Spellcasting
 15753 | Lair:4   | Found a staircase to the Slime Pits.
 16350 | Lair:5   | Entered Level 5 of the Lair of Beasts
 16375 | Lair:5   | Reached XP level 14. HP: 70/93 MP: 33/33
 16765 | Lair:5   | Paralysed by a hornet for 1 turns
 16781 | Lair:5   | Identified the +3 ring mail of Mutualism {*Corrode Int+4}
 17498 | D:10     | Learned a level 6 spell: Simulacrum
 17519 | D:10     | Killed sunglassesatnite's ghost
 17670 | D:11     | Reached skill level 16 in Spellcasting
 18027 | D:11     | Found a staircase to the Orcish Mines.
 18322 | Orc:1    | Entered Level 1 of the Orcish Mines
 18358 | Orc:1    | Reached skill level 5 in Hexes
 18599 | Orc:2    | Entered Level 2 of the Orcish Mines
 18719 | Orc:2    | Paralysed by an ogre mage for 2 turns
 18802 | Orc:2    | Gained mutation: You have claws for hands. [demonic
                  | ancestry]
 18802 | Orc:2    | Reached XP level 15. HP: 99/99 MP: 35/35
 18918 | Orc:2    | Found a staircase to the Elven Halls.
 18929 | Orc:2    | Found Nazoevek's Armour Emporium.
 19040 | Orc:2    | Found Quduado's Magic Scroll Boutique.
 19040 | Orc:2    | Found Geumic's Distillery.
 19041 | Orc:2    | Found Sidaur's General Store.
 19041 | Orc:2    | Found Sotrar's Assorted Antiques.
 19048 | Orc:2    | Bought a scroll of teleportation for 33 gold pieces
 19048 | Orc:2    | Bought a scroll of blinking for 82 gold pieces
 19051 | Orc:2    | Bought a potion of curing for 45 gold pieces
 19051 | Orc:2    | Bought a potion of curing for 45 gold pieces
 19542 | Orc:1    | Learned a level 5 spell: Freezing Cloud
 19715 | D:12     | Reached skill level 17 in Spellcasting
 19720 | D:12     | Identified the +1 orcbow of the Old World {drain, MP+9}
 20341 | D:13     | You are sucked into a shaft and drop 2 floors!
 20341 | D:15     | Entered Level 15 of the Dungeon
 20389 | D:15     | Identified the +7 morningstar "Cossoppe" {flame, rElec rC+
                  | Int-4}
 20426 | D:14     | Noticed Jorgrun
 20462 | D:14     | Killed Jorgrun
 20470 | D:14     | HP: 4/99 [cyan ugly thing (5)]
 20470 | D:14     | Slain by a cyan ugly thing

Illustrated notes

Levels and vault maps discovered:
D:1:      tarquinn_simple_flora_water_f, layout_rooms
D:2:      layout_loops_cross, hellmonk_ecumenical_altar_heavens_door,
          minmay_misc_feat_tower, minmay_misc_feat_more_columns
D:3:      layout_basic, lemuel_crystal_altar, minmay_quantized, uniq_robin,
          uniq_terence
D:4:      layout_rooms, minmay_temple_entry_slanted, serial_shops, shop,
          nicolae_shop_gadgets, uniq_natasha
D:5:      wander_guarded_unrand_ratskin, layout_basic, lightli_temple_of_fire,
          zin_treasury, uniq_sigmund
D:6:      layout_layer_cave
D:7:      layout_basic, nicolae_twisty_statue_hallways, uniq_joseph
D:8:      layout_loops_ring, mainiacjoe_overflow_chevrons,
          kennysheep_nondescript, nicolae_shop_unique_rings, uniq_grum,
          uniq_psyche, uniq_amaemon
D:9:      layout_rooms
D:10:     lemuel_castle_with_subvaults [lemuel_castle_interior_carwin_2],
          layout_irregular_city, lair_entry_dummy, enter_bailey_5,
          gammafunk_ghost_split
D:11:     layout_loops_ring, orc_0_dummy
D:12:     layout_roguey, minivault_23, amcnicky_mini_rare_corridor_liquid,
          worms_lemuel
D:13:     layout_loops_corners, hellmonk_vaults_attempted_burglary,
          ebering_ghost_reflecting_pool
D:14:     layout_grid_maze, enter_trove_6, serial_ice, serial_ice_d,
          serial_ice_a, serial_ice_g, serial_ice_l,
          portal_ice_cave_entry_dragon, serial_bayou_pond_a, uniq_jorgrun
D:15:     grunt_enter_depths_hoard, layout_basic, fedhas_altar_2, uniq_roxanne,
          uniq_rupert, uniq_nessos
Temple:   mainiacjoe_temple_bowtie_tessellation
Lair:1:   layout_regular_city, lemuel_centaur_altar, grunt_megastairs_1,
          infiniplex_staircase_pool_2, lemuel_fruit_tree
Lair:2:   layout_cave_pods, minmay_swamp_entry_worms, basic_altar
Lair:3:   layout_gridlike, nicolae_spider_entry_orb_guardian,
          gauntlet_entry_generic, uniq_nergalle
Lair:4:   layout_cave_pods, nicolae_slime_entry_field_trip,
          nicolae_lair_grazing_beasts [nicolae_sub_lair_graze_edge,
          nicolae_sub_lair_graze_edge, nicolae_sub_lair_graze_edge,
          nicolae_sub_lair_graze_edge]
Lair:5:   minmay_lair_end_enchanted_forest, layout_hall_layers
Orc:1:    layout_caves, basic_altar
Orc:2:    st_orc_ogre_mass, layout_caves, serial_shops, shop

Skill      XL: |  1  2  3  4  5  6  7  8  9 10 11 12 13 14 15 |
---------------+----------------------------------------------+-----
Necromancy     | 5 6 7 8 10 11 12 13 14 | 14.1
Spellcasting   | 3 4 5 6 7 8 10 12 13 15 16 17 | 17.1
Stealth        | 2 3 4 5 6 7 |  7.1
Dodging        | 2 3 5 6 7 8 |  8.5
Earth Magic    | 1 2 3 4 5 6 7 8 9 |  9.9
Hexes          | 1 2 3 4 5 |  5.3
Transmutations | 1 |  1.2
Conjurations   | |  0.8

Action                     |  1- 3 |  4- 6 |  7- 9 | 10-12 | 13-15 || total
---------------------------+-------+-------+-------+-------+-------++-------
  Melee: Unarmed           |     1 |       |       |       |       ||     1
         Short sword       |     9 |    28 |       |       |       ||    37
         Club              |     2 |       |       |       |       ||     2
         Spear             |       |    14 |       |       |       ||    14
         Dagger            |       |    66 |    68 |       |       ||   134
         Punch             |       |     1 |       |       |       ||     1
         Rapier            |       |       |   140 |   374 |   490 ||  1004
   Cast: Necrotise         |    56 |    15 |     3 |    36 |    30 ||   140
         Vampiric Draining |       |     7 |    14 |    49 |    65 ||   135
         Animate Dead      |       |     1 |     2 |    11 |    15 ||    29
         Anguish           |       |       |     2 |    32 |    73 ||   107
         Wereblood         |       |       |       |     2 |     1 ||     3
         Dispel Undead     |       |       |       |     1 |     9 ||    10
         Stone Arrow       |       |       |       |     6 |    10 ||    16
         Sandblast         |       |       |       |     2 |       ||     2
         Death Channel     |       |       |       |     6 |    31 ||    37
         Simulacrum        |       |       |       |       |     1 ||     1
    Use: Potion            |       |       |     1 |       |     1 ||     2
         Scroll            |       |       |       |    22 |     3 ||    25
   Stab: Sleeping          |       |     7 |     8 |     3 |     5 ||    23
         Distracted        |       |       |       |     7 |    10 ||    17
 Armour: Robe              |     3 |    17 |    35 |    96 |   215 ||   366
  Dodge: Dodged            |    11 |    97 |   203 |   572 |   681 ||  1564

Table legend: (Time is in decaauts)
 A = Elapsed time spent in this place.
 B = Non-inter-level travel time spent in this place.
 C = Inter-level travel time spent in this place.
 D = Time resting spent in this place.
 E = Time spent auto-exploring this place.
 F = Levels seen in this place.
 G = Mean time per level.
                   A        B        C        D        E       F      G
               +--------+--------+--------+--------+--------+-----+--------+
         Total |  21233 |  19813 |   1420 |   1249 |  13102 |  25 |  849.3 |
       Dungeon |  13225 |  12457 |    768 |    944 |   8305 |  15 |  881.7 |
        Temple |     10 |     10 |      0 |      0 |      0 |   1 |   10.0 |
          Lair |   5730 |   5291 |    439 |    191 |   3749 |   5 | 1146.0 |
  Orcish Mines |   1259 |   1046 |    213 |      0 |    654 |   2 |  629.5 |
        Bailey |    492 |    492 |      0 |     86 |    186 |   1 |  492.0 |
      Gauntlet |    513 |    513 |      0 |     28 |    206 |   1 |  513.0 |
               +--------+--------+--------+--------+--------+-----+--------+

Top non-repeatable levels by time:
    D:10: 1837 daAuts
     D:6: 1749 daAuts
     D:8: 1460 daAuts
  Lair:1: 1435 daAuts
     D:5: 1362 daAuts
  Lair:2: 1162 daAuts
  Lair:4: 1136 daAuts
     D:7: 1072 daAuts
  Lair:5: 1034 daAuts
     D:2: 998 daAuts
     D:3: 970 daAuts
  Lair:3: 962 daAuts
     D:1: 948 daAuts
   Orc:2: 769 daAuts
    D:11: 735 daAuts
